 Dungeon Crawl Stone Soup version 0.30.0-15-g856e2d3f33 (webtiles) character file.

Game seed: 13666504621717371436

305 SnakkuSnakku7 the Ruffian (level 6, -7/51 HPs)
             Began as a Ghoul Hexslinger on May 20, 2023.
             Was a Believer of Uskayaw.
             Mangled by Duvessa
             ... wielding a +0 rapier
              (9 damage)
             ... on level 4 of the Dungeon.
             The game lasted 00:04:42 (3174 turns).

SnakkuSnakku7 the Ruffian (Ghoul Hexslinger)        Turns: 3174, Time: 00:04:42

Health: -7/51      AC: 11    Str: 16    XL:     6   Next: 39%
Magic:  6/6        EV:  7    Int:  8    God:    Uskayaw [**....]
Gold:   218        SH:  0    Dex:  9    Spells: 6/7 levels left

rFire   . .          .
                       - Unarmed
rCold   + . .        (no shield)
rNeg    + + +        p - +0 chain mail
rPois   ∞            D - +2 hat
rElec   .            (no cloak)
rCorr   .            (no gloves)
SInv    .            l - +0 pair of boots
Will    .....        (no amulet) Stlth
                     (no ring)
HPRegen 0.00/turn    (no ring)
MPRegen 0.10/turn

%: no passive effects
@: inhibited regen
A: claws 1, cold resistance 1, negative energy resistance 3, inhibited
regeneration, torment resistance 2, devour on kill
a: Renounce Religion, Stomp, Line Pass


You were on level 4 of the Dungeon.
You worshipped Uskayaw.
Uskayaw was noncommittal.
You visited 2 branches of the dungeon, and saw 6 of its levels.

You collected 218 gold pieces.

Inventory:

Hand Weapons
 a - a +1 sling
Missiles
 i - 6 silver javelins
 y - 4 poisoned darts (quivered)
Armour
 c - a +0 robe
 l - a +0 pair of boots (worn)
 o - a +2 robe of cold resistance
 p - a +0 chain mail (worn)
 B - a +0 buckler
 D - a +2 hat (worn)
Jewellery
 C - a ring of magical power
Wands
 x - a wand of mindburst (2)
Scrolls
 b - a scroll of poison
 g - a scroll of vulnerability {unknown}
 h - 2 scrolls of identify {unknown}
 j - 2 scrolls of teleportation
 m - 2 scrolls of immolation {unknown}
 q - a scroll of blinking {unknown}
 s - a scroll of enchant armour {unknown}
 v - a scroll of magic mapping
 z - a scroll of torment {unknown}
 F - 2 scrolls of fog {unknown}
Potions
 d - a potion of mutation {unknown}
 e - a potion of degeneration {unknown}
 f - a potion of ambrosia {unknown}
 k - a potion of curing {unknown}
 n - a potion of might {unknown}
 r - a potion of resistance {unknown}
 t - 3 potions of cancellation {unknown}
 u - a potion of invisibility {unknown}
 w - a potion of brilliance {unknown}
 A - 2 potions of lignification {unknown}
 E - a potion of attraction {unknown}
 G - a potion of haste {unknown}


   Skills:
 - Level 3.2 Fighting
 - Level 1.7 Ranged Weapons
 + Level 2.7 Throwing
 - Level 1.7 Dodging
 + Level 4.6 Unarmed Combat
 - Level 1.0 Spellcasting
 - Level 2.4 Hexes


You had 6 spell levels left.
You knew the following spells:

 Your Spells              Type           Power      Damage    Failure   Level
a - Slow                  Hex            16%        N/A       91%         1

Your spell library contained the following spells:

 Spells                   Type           Power      Damage    Failure   Level
 Summon Small Mammal      Summ           0%         N/A       99%         1
 Call Canine Familiar     Summ           0%         N/A       100%        3
 Inner Flame              Hex/Fire       2%         N/A       100%        3
 Portal Projectile        Hex/Tloc       4%         N/A       100%        3
 Summon Guardian Golem    Hex/Summ       2%         N/A       100%        3
 Cause Fear               Hex            2%         N/A       100%        4
 Olgreb's Toxic Radiance  Pois           0%         N/A       100%        4
 Discord                  Hex            2%         N/A       100%        8
 Ignition                 Fire           0%         3d3       100%        8


Dungeon Overview and Level Annotations

Branches:
Dungeon (5/15)             Temple (1/1) D:4

Altars:
Ashenzari
Cheibriados
Dithmenos
Gozag
Kikubaaqudgha
Makhleb
Nemelex Xobeh
Okawaru
Sif Muna
Trog
Uskayaw
Wu Jian
Xom
Yredelemnul

Annotations:
D:4 Duvessa, Pikel


Innate Abilities, Weirdness & Mutations

You are immune to poison.
You have sharp fingernails.
Your flesh is cold resistant. (rC+)
You are immune to negative energy. (rN+++)
You do not regenerate when monsters are visible.
You are immune to unholy pain and torment.
You thrive by killing the living.


Message History

Duvessa hits you with a +0 rapier!
Unknown command.
Okay, then.
You barely miss Duvessa.
Duvessa is almost dead.
Duvessa hits you with a +0 rapier!
Aiming: Mindburst
Press: ? - help, Shift-Dir - straight line, f/p - Duvessa
Aim: Duvessa, wielding a +0 rapier and wearing a +0 scale mail (almost dead, berserk, chance to affect: 47%) Duvessa resists with some effort.
Duvessa hits you with a +0 rapier. Duvessa closely misses you.
Unknown command.
Unknown command.
Aiming: Mindburst
Press: ? - help, Shift-Dir - straight line, f/p - Duvessa
Aim: Duvessa, wielding a +0 rapier and wearing a +0 scale mail (almost dead, berserk, chance to affect: 47%) Duvessa resists with some effort.
Duvessa hits you with a +0 rapier.
Unknown command.
Unknown command.
Aiming: Mindburst
Press: ? - help, Shift-Dir - straight line, f/p - Duvessa
Aim: Duvessa, wielding a +0 rapier and wearing a +0 scale mail (almost dead, berserk, chance to affect: 47%) Duvessa resists with some effort.
Duvessa hits you with a +0 rapier.
* * * LOW HITPOINT WARNING * * *
Duvessa hits you with a +0 rapier.
* * * LOW HITPOINT WARNING * * *
Unknown command.
Aiming: Mindburst
Press: ? - help, Shift-Dir - straight line, f/p - Duvessa
Aim: Duvessa, wielding a +0 rapier and wearing a +0 scale mail (almost dead, berserk, chance to affect: 47%) Duvessa resists with some effort.
Duvessa hits you with a +0 rapier.
* * * LOW HITPOINT WARNING * * *
Unknown command.
Unknown command.
Aiming: Mindburst
Press: ? - help, Shift-Dir - straight line, f/p - Duvessa
Aim: Duvessa, wielding a +0 rapier and wearing a +0 scale mail (almost dead, berserk, chance to affect: 47%) Duvessa resists with some effort.
Duvessa completely misses you. Duvessa hits you with a +0 rapier!
You die...

##........
##.......
#....<... #####
##..##.### #
##...## ##...####
#. ##.....###..[##
##..#.......##...#
#...............##
#..#..e@........#
# #......<....##
#...........#
#..........##
############


You could see Duvessa (berserk).

Vanquished Creatures
  A lemure (D:5)
  Blork the orc (D:4)
  A scorpion (D:3)
  Dowan (D:4)
  Natasha (D:4)
  2 gnolls (D:1)
  2 adders (D:3)
  A worm (D:3)
  2 dart slugs (D:1)
  4 orcs
  4 bats
  5 endoplasms
  4 giant cockroaches
  5 goblins
  7 hobgoblins
  2 quokkas
  10 ball pythons
  2 frilled lizards
  5 kobolds
  4 rats
64 creatures vanquished.

Notes
Turn   | Place    | Note
-------+----------+-------------------------------------------
     0 | D:1      | SnakkuSnakku7 the Ghoul Hexslinger began the quest for the
                  | Orb.
     0 | D:1      | Reached XP level 1. HP: 16/16 MP: 1/1
   316 | D:1      | Reached skill level 1 in Unarmed Combat
   321 | D:1      | Reached XP level 2. HP: 24/24 MP: 2/2
   412 | D:1      | Reached XP level 3. HP: 29/29 MP: 3/3
   563 | D:1      | Reached skill level 2 in Unarmed Combat
  1467 | D:2      | Reached XP level 4. HP: 37/37 MP: 4/4
  2038 | D:3      | Reached skill level 3 in Unarmed Combat
  2294 | D:3      | Noticed a scorpion
  2311 | D:3      | Killed a scorpion
  2312 | D:3      | Reached skill level 1 in Throwing
  2312 | D:3      | Reached XP level 5. HP: 42/45 MP: 5/5
  2539 | D:4      | Found a staircase to the Ecumenical Temple.
  2555 | D:4      | Noticed Blork the orc
  2557 | Temple   | Entered the Ecumenical Temple
  2562 | Temple   | Became a worshipper of Uskayaw the Reveller
  2575 | D:4      | Reached * piety under Uskayaw
  2584 | D:4      | Killed Blork the orc
  2585 | D:4      | Reached skill level 4 in Unarmed Combat
  2585 | D:4      | Reached XP level 6. HP: 24/51 MP: 6/6
  2622 | D:4      | Found a basalt altar of Yredelemnul.
  2660 | D:4      | Noticed Pikel
  2682 | D:4      | Reached ** piety under Uskayaw
  2710 | D:5      | Entered Level 5 of the Dungeon
  2931 | D:4      | Noticed Natasha
  2941 | D:4      | Killed Natasha
  2974 | D:4      | Noticed Dowan
  3004 | D:4      | Killed Dowan
  3161 | D:4      | Noticed Duvessa
  3173 | D:4      | HP: 2/51 [Duvessa/+0 rapier (4)]
  3174 | D:4      | Mangled by Duvessa

Illustrated notes

Levels and vault maps discovered:
D:1:      sevenhm_arrival_forest_fort_large_2, layout_basic, st_stairs_7,
          minmay_pentomino_w2
D:2:      layout_basic
D:3:      layout_basic, minivault_26, kennysheep_generic_room_15
D:4:      layout_cave_pods, mainiacjoe_overflow_paths,
          lemuel_coloured_pillars_altar, minmay_temple_entry_glass,
          serial_column_ruins, column_ruins_grid_1, column_ruins_columns_T,
          column_ruins_columns_straight, column_ruins_grid_3,
          column_ruins_grid_2, chequers_mini_garden, uniq_pikel,
          uniq_blork_the_orc, uniq_natasha, uniq_duvessa, uniq_grinder
D:5:      layout_cave_pods, gammafunk_ghost_cemetery, kennysheep_generic_room_9
Temple:   minmay_freezing_vapour_temple

Skill      XL: |  1  2  3  4  5 |
---------------+----------------+-----
Unarmed Combat | 1 2 3 4 |  4.6
Fighting       | 2 3 |  3.2
Throwing       | 1 2 |  2.7
Ranged Weapons | |  1.7
Dodging        | |  1.7
Spellcasting   | |  1.0
Hexes          | |  2.4

Action                     |  1- 3 |  4- 6 || total
---------------------------+-------+-------++-------
  Melee: Unarmed           |    75 |   158 ||   233
         Punch             |       |     6 ||     6
   Fire: Sling             |    47 |       ||    47
  Throw: Dart              |       |     4 ||     4
   Cast: Slow              |     3 |       ||     3
  Evoke: Wand              |       |    11 ||    11
    Use: Scroll            |       |     4 ||     4
 Armour: Robe              |    29 |       ||    29
         Chain mail        |    19 |    95 ||   114
  Dodge: Dodged            |    78 |    49 ||   127
